 Dungeon Crawl Stone Soup version 0.18.1-47-g9310371 (webtiles) character file.

1205 qqqbard the Cruncher (level 8, -1/70 HPs)
             Began as a Minotaur Gladiator on June 13, 2016.
             Slain by an iguana (3 damage)
             ... on level 6 of the Dungeon.
             The game lasted 00:10:56 (3811 turns).

qqqbard the Cruncher (Minotaur Gladiator)           Turns: 3811, Time: 00:10:57

Health: -1/70      AC: 14    Str: 21 (23) XL:     8   Next: 21%
Magic:  7/7        EV:  7    Int:  8 (10) God:
Gold:   129        SH:  0    Dex:  8 (10) Spells: 0 memorised, 7 levels left

rFire  + . .     SeeInvis .     m - +2 quarterstaff (chaos)
rCold  x . .     Gourm    .     o - +0 plate armour
rNeg   + . .     Faith    .     (shield currently unavailable)
rPois  .         Spirit   .     c - +0 hat
rElec  .         Dismiss  .     n - +0 cloak
rCorr  .         Reflect  .     (no gloves)
SustAt .         Harm     .     q - +0 pair of boots
MR     .....                    (no amulet)
Stlth  ..........               r - ring of positive energy
                                p - ring of fire

@: brilliant, flying, not resistant to hostile enchantments, extremely
unstealthy
A: retaliatory headbutt, horns 2
a: no special abilities


You were on level 6 of the Dungeon.
You were not hungry.

You visited 1 branch of the dungeon, and saw 6 of its levels.

You collected 129 gold pieces.

Inventory:

Hand Weapons
 a - a +0 quarterstaff
 m - a +2 quarterstaff of chaos (weapon)
Missiles
 d - 3 throwing nets (quivered)
Armour
 c - a +0 hat (worn)
 n - a +0 cloak (worn)
 o - a +0 plate armour (worn)
 q - a +0 pair of boots (worn)
Jewellery
 p - a ring of fire (left hand)
 r - a ring of positive energy (right hand)
 s - an uncursed ring of sustain attributes
 B - an uncursed ring of see invisible {unknown}
Wands
 b - a wand of digging (7/24)
Scrolls
 h - 3 scrolls of magic mapping
 k - 2 scrolls of blinking {unknown}
 u - a scroll of fog {unknown}
 w - 4 scrolls of teleportation {unknown}
 A - a scroll of brand weapon {unknown}
Potions
 e - a potion of degeneration
 g - a potion of brilliance
 l - a potion of agility {unknown}
 t - a potion of flight
 v - a potion of experience {unknown}
 x - a potion of curing {unknown}
 z - 2 potions of heal wounds {unknown}
Books
 y - a book of Air

   Spells                             Type                      Level
   a - Shock                          Conjuration/Air              1
   b - Swiftness                      Charms/Air                   2
   c - Repel Missiles                 Charms/Air                   2
   d - Static Discharge               Conjuration/Air              3
   e - Lightning Bolt                 Conjuration/Air              5
Comestibles
 f - 7 bread rations
 i - 2 beef jerkies
 j - a slice of pizza
 C - 2 chunks of flesh
 D - a fruit


   Skills:
 - Level 6.1 Fighting
 - Level 9.1 Staves
 - Level 2.0 Throwing
 * Level 4.5 Armour
 - Level 4.6 Dodging
 - Level 0.1 Stealth


You had 7 spell levels left.
You didn't know any spells.

Dungeon Overview and Level Annotations

Branches:
Dungeon (6/15)
 Temple: D:4-7

Altars:
Ashenzari
Pakellas
Qazlal
Sif Muna
Trog


Innate Abilities, Weirdness & Mutations

You reflexively headbutt those who attack you in melee.
You have a pair of horns on your head.


Message History

It was a potion of degeneration.
There was something very wrong with that liquid.
You feel weakened.
You feel dopey.
You feel clumsy. The iguana barely misses you.
The orc warrior hits you from afar with a glaive!
* * * LOW HITPOINT WARNING * * *
You barely miss the iguana. You headbutt the iguana!
The iguana is severely wounded.
The iguana bites you.
* * * LOW HITPOINT WARNING * * *
You are too injured to fight recklessly!
Drink which item? (? for menu, Esc to quit)
It was a potion of brilliance.
You feel clever all of a sudden. The iguana barely misses you.
The orc warrior closely misses you.
Drink which item? (? for menu, Esc to quit)
It was a potion of flight.
You feel very buoyant.
You fly up into the air.
The iguana bites you.
You die...

# #.##.#.........###.## #
##.##.#..######.#....# #
###..#.....##..........### #
#....>............#...... #
#.#.##.######..........####
####...#.....................#
#....###'##.#######...........
#)...##...#.##.#.lo5..........
.)...#..........@##.##....###
#)...##...####.#.##.##...##
..##.........# #.##..[5###
####.#...###...#.#.....#.#
####.#...# ###.#.###...#
.....#.#.# #.#.......###
#.####...# #...........#
#....#.##. ###....)#.#.#
........### #.......#.#


You could see an orc warrior, an iguana and a crimson imp.

Vanquished Creatures
  Sigmund (D:3)
  Eustachio (D:4)
  An ice beast (D:5)
  A crimson imp (D:5)
  A giant frog zombie (D:4)
  3 hounds
  3 orc priests
  Crazy Yiuf (D:3)
  11 orc wizards
  A worker ant (D:4)
  A hound zombie (D:5)
  6 adders
  2 oozes
  2 worms (D:4)
  A dart slug (D:1)
  2 giant geckos
  33 orcs
  A ball python (D:3)
  7 bats
  3 giant cockroaches
  6 goblins
  8 hobgoblins
  6 jackals
  3 kobolds
  3 quokkas
  4 giant newts
  A jackal zombie (D:6)
  A quokka skeleton (D:4)
  6 rats
120 creatures vanquished.

Vanquished Creatures (others)
  A giant newt (D:3)
  A kobold (D:3)
2 creatures vanquished.

Grand Total: 122 creatures vanquished

Notes
Turn   | Place    | Note
--------------------------------------------------------------
     0 | D:1      | qqqbard the Minotaur Gladiator began the quest for the Orb.
     0 | D:1      | Reached XP level 1. HP: 18/18 MP: 0/0
    79 | D:1      | Reached XP level 2. HP: 25/25 MP: 1/1
   105 | D:1      | Found a shattered altar of Ashenzari.
   187 | D:1      | Reached skill level 4 in Staves
   724 | D:2      | Reached XP level 3. HP: 30/30 MP: 2/2
   764 | D:2      | Found a deep blue altar of Sif Muna.
   816 | D:2      | Found an oddly glowing altar of Pakellas.
  1071 | D:3      | Reached skill level 1 in Armour
  1127 | D:3      | Found a stormy altar of Qazlal.
  1203 | D:3      | Noticed Crazy Yiuf
  1212 | D:3      | Killed Crazy Yiuf
  1212 | D:3      | Reached XP level 4. HP: 13/37 MP: 3/3
  1704 | D:3      | Reached XP level 5. HP: 44/44 MP: 4/4
  1781 | D:3      | Noticed Sigmund
  1796 | D:3      | Killed Sigmund
  1796 | D:3      | Reached skill level 6 in Staves
  1796 | D:3      | Reached XP level 6. HP: 44/51 MP: 5/5
  2465 | D:4      | Noticed Eustachio
  2469 | D:4      | Killed Eustachio
  2469 | D:4      | Reached skill level 7 in Staves
  2469 | D:4      | Reached XP level 7. HP: 60/60 MP: 6/6
  2595 | D:4      | Reached skill level 8 in Staves
  2640 | D:4      | Found a bloodstained altar of Trog.
  2640 | D:4      | Found an oddly glowing altar of Pakellas.
  2646 | D:4      | Reached skill level 5 in Fighting
  2830 | D:5      | Entered Level 5 of the Dungeon
  3093 | D:5      | Reached skill level 9 in Staves
  3184 | D:5      | Reached XP level 8. HP: 56/70 MP: 7/7
  3808 | D:6      | HP: 2/70 [iguana (4)]
  3811 | D:6      | Slain by an iguana

Skill      XL: |  1  2  3  4  5  6  7  8 |
---------------+-------------------------+-----
Staves         | 4 6 7 9 |  9.1
Armour         | 1 2 3 4 |  4.5
Dodging        | 4 |  4.6
Fighting       | 3 4 5 6 |  6.1
Throwing       | |  2.0
Stealth        | |  0.1

Action                   |  1- 3 |  4- 6 |  7- 9 || total
-------------------------+-------+-------+-------++-------
Melee: Quarterstaff      |    55 |    92 |   134 ||   281
       Headbutt          |    10 |    14 |    14 ||    38
Throw: Throwing net      |       |     1 |       ||     1
  Use: Scroll            |     4 |     1 |     2 ||     7
       Potion            |       |       |     3 ||     3
 Stab: Distracted        |       |     1 |       ||     1
       Paralysed         |       |     2 |       ||     2
  Eat: Chunk             |       |     4 |     5 ||     9
Armor: Leather armour    |     5 |       |       ||     5
       Mottled dragon ar |    10 |    11 |       ||    21
       Plate armour      |       |    35 |   101 ||   136
Dodge: Dodged            |    43 |    30 |    60 ||   133
